 Dungeon Crawl Stone Soup version 0.27-a0-1188-g73eefd5def (webtiles) character file.

Game seed: 7687365694990582385

2170 freelancePsychic the Skirmisher (level 9, -10/79 HPs)
             Began as a Black Draconian Transmuter on May 21, 2021.
             Was a Follower of Wu Jian.
             Mangled by a white ugly thing (30 damage)
             ... on level 7 of the Dungeon.
             The game lasted 00:20:31 (10413 turns).

freelancePsychic the Skirmisher (DrTm)             Turns: 10413, Time: 00:20:31

Health: -10/79     AC:  7    Str: 19    XL:     9   Next: 11%
Magic:  0/12       EV: 12    Int: 16    God:    Wu Jian [*.....]
Gold:   235        SH:  0    Dex: 12    Spells: 9/12 levels left

rFire    . . .     SeeInvis .   a - +1 dagger (drain)
rCold    . . .     Faith    .   (no shield)
rNeg     . . .     Spirit   +   (armour unavailable)
rPois    .         Reflect  .   (helmet restricted)
rElec    +         Harm     .   (no cloak)
rCorr    .         Rampage  .   (no gloves)
Will     .....                  (no boots)
Stlth    +.........             s - amulet of guardian spirit
HPRegen  0.23/turn              k - +6 ring of strength
MPRegen  0.13/turn              x - ring of wizardry

@: short of breath, slowed, very slow
A: breathe lightning, AC +7, unfitting armour, electricity resistance,
cold-blooded
a: Breathe Lightning, Renounce Religion


You were on level 7 of the Dungeon.
You worshipped Wu Jian.
Wu Jian was aware of your devotion.
You visited 1 branch of the dungeon, and saw 7 of its levels.

You collected 235 gold pieces.

Inventory:

Hand Weapons
 a - a +1 dagger of draining (weapon)
 b - the +4 dagger "Brush" {antimagic, rF+ rC+ rCorr}
   (You found it on level 5 of the Dungeon)

   It reduces the magical energy of the wielder, and disrupts the spells and
   magical abilities of those hit.
   Natural abilities and divine invocations are not affected.
   It protects you from fire.
   It protects you from cold.
   It protects you from acid and corrosion.
Jewellery
 k - a +6 ring of strength (left hand)
 l - a +6 ring of strength
 s - an amulet of guardian spirit (around neck)
 x - a ring of wizardry (right hand)
Wands
 n - a wand of flame (1)
Scrolls
 c - 3 scrolls of immolation {unknown}
 d - a scroll of silence {unknown}
 g - a scroll of enchant armour {unknown}
 i - 3 scrolls of teleportation {@r4}
 o - 2 scrolls of enchant weapon
 p - a scroll of vulnerability {unknown}
 v - a scroll of noise {unknown}
 w - a scroll of amnesia {unknown}
Potions
 e - a potion of brilliance {unknown}
 f - a potion of ambrosia
 h - 2 potions of attraction {unknown}
 j - 4 potions of berserk rage {unknown}
 m - a potion of cancellation {unknown}
 q - a potion of mutation {unknown}
 r - a potion of flight {unknown}
 t - a potion of resistance {unknown}
 u - 2 potions of curing {@q1}


   Skills:
 - Level 7.2 Fighting
 + Level 7.0 Short Blades
 - Level 1.7 Dodging
 - Level 3.0 Unarmed Combat
 - Level 2.0 Spellcasting
 + Level 6.3 Hexes
 - Level 2.0 Transmutations


You had 9 spell levels left.
You knew the following spells:

 Your Spells              Type           Power      Damage    Failure   Level
a - Beastly Appendage     Tmut           16%        N/A       3%          1
b - Slow                  Hex            22%        N/A       1%          2

Your spell library contained the following spells:

 Spells                   Type           Power      Damage    Failure   Level
 Wereblood                Tmut           8%         N/A       6%          2
 Cause Fear               Hex            11%        N/A       6%          4
 Dazzling Flash           Conj/Hex       22%        N/A       7%          3
 Magic Dart               Conj           4%         1d3       9%          1
 Searing Ray              Conj           2%         3d3       12%         2
 Sublimation of Blood     Necr           0%         N/A       12%         2
 Spider Form              Tmut/Pois      2%         N/A       16%         3
 Fulminant Prism          Conj/Hex       5%         3d7       22%         4
 Ice Form                 Ice/Tmut       4%         N/A       45%         4
 Iskenderun's Mystic Bla  Conj/Tloc      1%         2d3       58%         4
 Hydra Form               Tmut           4%         N/A       65%         5
 Invisibility             Hex            22%        N/A       65%         6
 Death Channel            Necr           0%         N/A       100%        6


Dungeon Overview and Level Annotations

Branches:
Dungeon (7/15)             Temple (0/1) D:7

Altars:
Cheibriados
Makhleb
Ru
Wu Jian

Shops:
D:1 *

Annotations:
D:2 Natasha
D:5 Pikel


Innate Abilities, Weirdness & Mutations

You can breathe wild blasts of lightning.
Your glossy black scales are hard. (AC +7)
You cannot fit into any form of body armour.
You are resistant to electric shocks. (rElec)
You are cold-blooded and may be slowed by cold attacks.


Message History

Your surroundings suddenly seem different.
Found a blackened glass ring and 21 sling bullets.
Found a stone staircase leading down.
Found 8 gold pieces.
x - a ring of wizardry You now have 235 gold pieces (gained 8).
x - a ring of wizardry (right hand)
You have got your breath back.
Found a pair of gloves.
The white ugly thing gurgles horribly!
A white ugly thing is nearby!
The white ugly thing trunk-slaps you but does no damage.
You breathe a wild blast of lightning!
You hear a mighty clap of thunder!
The bolt of lightning hits the white ugly thing.
The white ugly thing is lightly wounded.
The zap hits you. You resist. The zap hits you. You resist.
The orb of electricity explodes!
The orb of electricity engulfs the white ugly thing.
The white ugly thing is lightly wounded.
The orb of electricity engulfs you. You resist.
You hear a shout!
You hear an angry buzzing noise.
The white ugly thing trunk-slaps you. The white ugly thing freezes you!
You feel yourself slow down.
You closely miss the white ugly thing.
The white ugly thing is lightly wounded.
The white ugly thing misses you.
You hit the white ugly thing but do no damage.
The white ugly thing is lightly wounded.
You barely miss the white ugly thing.
The white ugly thing is lightly wounded.
You feel yourself speed up. The white ugly thing trunk-slaps you!
The white ugly thing freezes you!!
You feel yourself slow down.
* * * LOW HITPOINT WARNING * * *
The white ugly thing trunk-slaps you.
* * * LOW HITPOINT WARNING * * *
The white ugly thing freezes you!!
You feel as though you will be slow longer.
You die...

........##.#...#.##....$.##.
##########.#..#.#..........#
#.#..##............#
#...#................
#.#..................
#.###.#.#####.######. #
#........[# ##.#.
###u####### ## .... #@# ...
...## #.# ..# ...# #.#
#.#..#... #.# #....#..# #†#
....#...####†###########
.>............##........
...##............#######
#..#....^...##########


You could see a white ugly thing.

Vanquished Creatures
  Eustachio (D:5)
  Menkaure (D:6)
  A water moccasin (D:6)
  A black bear (D:5)
  An ice beast (D:6)
  A sky beast (D:6)
  3 lemures (D:6)
  A bullfrog (D:7)
  A gnoll sergeant (D:6)
  2 scorpions
  A water moccasin skeleton (D:6)
  6 killer bees (D:7)
  4 electric eels (D:6)
  2 jellies
  6 hounds
  An iron imp (D:5)
  A bullfrog skeleton (D:6)
  2 centaur skeletons
  2 iguanas
  4 orc wizards
  Natasha (twice) (D:2)
  A hound skeleton (D:4)
  9 gnolls
  7 adders
  A white imp (D:6)
  A worm (D:3)
  11 dart slugs
  15 orcs
  4 ball pythons
  3 bats
  4 endoplasms
  A giant cockroach (D:4)
  5 goblins
  7 hobgoblins
  6 jackals
  7 kobolds
  4 quokkas
  2 frilled lizards (D:2)
  4 rats
136 creatures vanquished.

Notes
Turn   | Place    | Note
-------+----------+-------------------------------------------
     0 | D:1      | freelancePsychic the Draconian Transmuter began the quest
                  | for the Orb.
     0 | D:1      | Reached XP level 1. HP: 16/16 MP: 3/3
    13 | D:1      | Identified Sif Muna's Incunabulum of Entrancing Evil
   232 | D:1      | Reached XP level 2. HP: 23/23 MP: 5/5
   288 | D:1      | Found Nonot's Assorted Antiques.
   532 | D:1      | Reached skill level 1 in Short Blades
   778 | D:1      | Reached skill level 1 in Hexes
  1156 | D:2      | Reached XP level 3. HP: 29/29 MP: 4/6
  1507 | D:2      | Found a faded altar of an unknown god.
  1536 | D:2      | Noticed Natasha
  1561 | D:2      | Killed Natasha
  1728 | D:2      | Reached XP level 4. HP: 30/37 MP: 7/7
  1832 | D:2      | Found a burning altar of Makhleb.
  1959 | D:2      | Noticed Natasha
  1971 | D:2      | Killed Natasha
  2386 | D:2      | Noticed Natasha
  3540 | D:4      | Reached XP level 5. HP: 40/45 MP: 6/8
  4449 | D:3      | Reached XP level 6. HP: 38/52 MP: 7/9
  5213 | D:5      | Entered Level 5 of the Dungeon
  5795 | D:4      | Your scales start taking on a glossy black colour.
  5795 | D:4      | Reached XP level 7. HP: 58/60 MP: 10/10
  5795 | D:4      | Gained mutation: You are resistant to electric shocks.
                  | (rElec) [Black Draconian growth]
  5961 | D:5      | Identified the +4 dagger "Brush" {antimagic, rF+ rC+ rCorr}
  6022 | D:5      | Found a snail-covered altar of Cheibriados.
  6157 | D:5      | Reached skill level 5 in Fighting
  6676 | D:6      | Noticed Eustachio
  6689 | D:5      | Killed Eustachio
  6952 | D:5      | Reached skill level 5 in Short Blades
  7084 | D:5      | Reached XP level 8. HP: 49/70 MP: 2/11
  7413 | D:6      | Found a sacrificial altar of Ru.
  7414 | D:6      | Found an ornate altar of the Wu Jian Council.
  7425 | D:6      | Became a worshipper of the Wu Jian Council
  7507 | D:6      | Noticed Pikel
  8107 | D:6      | Reached skill level 5 in Hexes
  8175 | D:6      | Found a burning altar of Makhleb.
  8669 | D:6      | Noticed Menkaure
  8677 | D:6      | Killed Menkaure
  8805 | D:6      | Learned a level 2 spell: Slow
 10061 | D:7      | Reached XP level 9. HP: 71/79 MP: 10/12
 10259 | D:7      | Found a staircase to the Ecumenical Temple.
 10271 | D:7      | Reached * piety under Wu Jian
 10271 | D:7      | Noticed a white ugly thing
 10413 | D:7      | Mangled by a white ugly thing

Illustrated notes

Levels and vault maps discovered:
D:1:      heliophobic_arrival_battle_scene, layout_basic, serial_shops, shop
D:2:      layout_basic, chequers_ecumenical_altar_grove, kennysheep_flooded_box,
          minmay_close_crescents, uniq_natasha
D:3:      layout_loops_corners, st_stairs_12
D:4:      minmay_opposing_rooms, layout_basic, st_stairs_1
D:5:      layout_loops_ring, slow_altar_1, serial_rivers,
          chequers_serial_rivers_micro_d, chequers_serial_rivers_micro_e,
          chequers_serial_rivers_small_a, chequers_serial_rivers_small_b,
          chequers_serial_rivers_small_3, chequers_serial_rivers_room_b
D:6:      kennysheep_slugbush, layout_loops_ring,
          gammafunk_temple_overflow_pools, lemuel_round_altar, uniq_pikel,
          uniq_eustachio, uniq_menkaure
D:7:      layout_loops_ring, minmay_temple_entry_mini_moons,
          minmay_misc_feat_secret_circle

Skill      XL: |  1  2  3  4  5  6  7  8  9 |
---------------+----------------------------+-----
Short Blades   | 1 2 3 4 5 6 7 |  7.0
Hexes          | 1 2 3 4 6 |  6.3
Fighting       | 2 3 4 5 7 |  7.2
Dodging        | |  1.7
Unarmed Combat | |  3.0
Spellcasting   | |  2.0
Transmutations | |  2.0

Action                   |  1- 3 |  4- 6 |  7- 9 || total
-------------------------+-------+-------+-------++-------
Melee: Unarmed           |   103 |       |       ||   103
       Tailslap          |    10 |    42 |    44 ||    96
       Headbutt          |     3 |     1 |       ||     4
       Dagger            |    18 |   342 |   290 ||   650
       Punch             |       |     6 |     4 ||    10
       Kick              |       |     1 |       ||     1
 Cast: Beastly Appendage |     2 |     3 |       ||     5
       Slow              |       |       |     1 ||     1
Invok: Lunge             |       |       |     9 ||     9
 Abil: Breathe Lightning |       |       |    21 ||    21
Evoke: Wand              |       |       |     4 ||     4
  Use: Potion            |     1 |     1 |       ||     2
       Scroll            |       |     3 |     2 ||     5
 Stab: Sleeping          |       |     3 |     3 ||     6
Armor: Skin              |    46 |    70 |    74 ||   190
Dodge: Dodged            |    77 |   145 |   131 ||   353

Table legend: (Time is in decaauts)
 A = Elapsed time spent in this place.
 B = Non-inter-level travel time spent in this place.
 C = Inter-level travel time spent in this place.
 D = Time resting spent in this place.
 E = Time spent auto-exploring this place.
 F = Levels seen in this place.
 G = Mean time per level.
                   A        B        C        D        E       F      G
               +--------+--------+--------+--------+--------+-----+--------+
         Total |  10254 |  10009 |    245 |   2889 |   5641 |   7 | 1464.9 |
       Dungeon |  10254 |  10009 |    245 |   2889 |   5641 |   7 | 1464.9 |
               +--------+--------+--------+--------+--------+-----+--------+

Top non-repeatable levels by time:
     D:6: 2373 daAuts
     D:5: 2002 daAuts
     D:3: 1646 daAuts
     D:2: 1517 daAuts
     D:4: 1428 daAuts
     D:1: 903 daAuts
     D:7: 382 daAuts
